[Event "Live Chess"]
[Site "Chess.com"]
[Date "2023.05.20"]
[Round "-"]
[White "Kr1xot4_XGOD"]
[Black "Ra2orLeaf"]
[Result "1-0"]
[WhiteElo "2189"]
[BlackElo "1142"]
[TimeControl "300"]
[EndTime "10:30:12 PDT"]
[Termination "Kr1xot4_XGOD won by checkmate"]

1. f4 c5 2. e4 d5 3. exd5 Qxd5 4. Nc3 Qd8 5. Bb5+ Bd7 6. Bxd7+ Nxd7 7. Qf3 e6 8. Qxb7 Qb8 9. Qxb8+ Rxb8 10. b3 Bd6 11.
Nge2 Ndf6 12. Ba3 Nh5 13. O-O Ngf6 14. d4 Rc8 15. Nb5 Ne4 16. Nxa7 Ra8 17. Bxc5 Nxc5 18.
Nb5 Nb7 19. c4 O-O 20. c5 Bb8 21. b4 Nf6 22. a4 Nd5 23. Nbc3 Rd8 24. Nxd5 Rxd5 25. Rfc1 Kf8 26. g3 Ke7 27. a5 Ra6 28. Rcb1 Kd7 29. h4 h5 30. Kf2 Nd8 31. b5 Ra8 32. a6 f6 33. b6 Kc6 34. b7 Ra7 35. Rb6+ Kc7 36. Rab1 Nc6 37. Rxc6+ Kxc6 38. Rb6+ Kc7 39.
Nc3 Rxd4 40. Nb5+ Kd7 41. Nxd4 Bc7 42. c6+ Kd6 43. Nb5+ Kc5 44. Nxc7 Kxb6 45. Nxe6 Kxc6 46. b8=Q Rxa6 47. Qc8+ Kb5 48. Nd4+ Ka4 49. Qc4+ Ka5 50. Qb5# 1-0

[Event "Live Chess"]
[Site "Chess.com"]
[Date "2023.05.20"]
[Round "-"]
[White "Driftboard"]
[Black "TobyQuaite"]
[Result "0-1"]
[WhiteElo "683"]
[BlackElo "1701"]
[TimeControl "300"]
[EndTime "10:30:25 PDT"]
[Termination "TobyQuaite won by checkmate"]

1. e4 e6 2. d4 d5 3. exd5 exd5 4. Nf3 Nf6 5. Bd3 Bd6 6. O-O O-O 7. Nc3 c6 8. Bg5 h6 9. Bxf6 Qxf6 10. Qd2 Bg4 11. Be2 Nd7 12. h3 Bh5 13. Nh2 Bf4 14. Qd3 Bg6 15. Qf3 Rfe8 16. Rfe1 Qd6 17. g3 Bg5 18. h4 Bf6 19. Ng4 Bxd4 20. Bd3 Bxc3 21. bxc3 Bxd3 22.
cxd3 Ne5 23. Nxe5 Rxe5 24. d4 Re6 25. Qf5 Rf6 26. Qe5 Qxe5 27. Rxe5 Re6 28. Rae1 Rae8 29. Kg2 Rxe5 30. Rxe5 Rxe5 31. dxe5 Kf8 32. Kf3 Ke7 33. Kf4 Ke6 34. g4 g5+ 35. hxg5 hxg5+ 36. Kxg5 Kxe5 37.
f4+ Ke6 38. f5+ Ke7 39. Kh6 b5 40. Kg7 b4 41. g5 bxc3 42. f6+ Ke6 43. g6 fxg6 44. Kxg6 c2 45. f7 c1=Q 46. f8=Q Qg1+ 47. Kh7 Qh2+ 48. Kg6 Qg3+ 49. Kh6 Qh4+ 50. Kg6 Qe4+ 51. Kh5 Qf5+ 52. Qxf5+ Kxf5 53. Kh4 d4 54. Kg3 Ke4 55. Kf2 Kd3 56. Ke1 c5 57. Kd1 c4 58.
Kc1 c3 59. Kd1 c2+ 60. Kc1 Kc3 61. a4 d3 62. a5 d2# 0-1

[Event "Live Chess"]
[Site "Chess.com"]
[Date "2023.05.20"]
[Round "-"]
[White "BJAW87"]
[Black "f4nomore"]
[Result "0-1"]
[WhiteElo "1458"]
[BlackElo "1375"]
[TimeControl "300"]
[EndTime "10:30:26 PDT"]
[Termination "f4nomore won by checkmate"]

1. e4 g6 2. d4 Bg7 3. Nf3 d6 4. Be3 Nf6 5. Bd3 Ng4 6. O-O Nxe3 7. fxe3 O-O 8. e5 dxe5 9. Nxe5 Nd7 10. Nxd7 Bxd7 11.
Qf3 Bc6 12. Qg3 Bxd4 13. exd4 Qxd4+ 14. Kh1 Qxb2 15. Nd2 e5 16. Ne4 Bxe4 17. Bxe4 Rad8 18. Bxb7 Qxb7 19. Rab1 Qa6 20. Qxe5 Rb8 21. Qxc7 Rxb1 22. Rxb1 Qxa2 23. Rf1 a5 24. c4 a4 25. c5 Qc2 26. Qa5 Qc4 27. Ra1 Rc8 28. h3 Rxc5 29.
Qa8+ Kg7 30. Rxa4 Qc1+ 31. Kh2 Qf4+ 32. g3 Rc2+ 33. Kh1 Qc1# 0-1

[Event "Live Chess"]
[Site "Chess.com"]
[Date "2023.05.20"]
[Round "-"]
[White "YrrriKharkiv"]
[Black "EdenHazard8"]
[Result "0-1"]
[WhiteElo "2037"]
[BlackElo "2125"]
[TimeControl "300"]
[EndTime "10:30:40 PDT"]
[Termination "EdenHazard8 won by resignation"]

1. d4 d5 2. Nf3 Nf6 3. c4 e6 4. Nc3 Be7 5. Bg5 O-O 6. Qc2 h6 7.
Bxf6 Bxf6 8. e3 Re8 9. Rd1 c6 10. Be2 Nd7 11. O-O Nf8 12. e4 Qc7 13. e5 Be7 14. cxd5 cxd5 15. Rc1 Qa5 16. a3 a6 17. Bd3 Bd7 18. Ra1 Rac8 19. b4 Qc7 20. Rfc1 Qb6 21.
Qb3 Rc7 22. Na4 Bxa4 23. Qxa4 Rec8 24. Qd1 Rc3 25. Qd2 Qc7 26. Kf1 Rxc1+ 0-1

[Event "Live Chess"]
[Site "Chess.com"]
[Date "2023.05.20"]
[Round "-"]
[White "mightysmasher"]
[Black "Ferrarifan27"]
[Result "1-0"]
[WhiteElo "2111"]
[BlackElo "2085"]
[TimeControl "300"]
[EndTime "10:31:00 PDT"]
[Termination "mightysmasher won by resignation"]

1. e4 e5 2. Nf3 Nc6 3. d4 exd4 4. Nxd4 Nf6 5. Nc3 Bb4 6. Nxc6 bxc6 7. Bd3 d5 8. exd5 cxd5 9. O-O O-O 10. Be3 c6 11. Bg5 h6 12. Bh4 Qd6 13. Qf3 Bg4 14. Qg3 Qxg3 15.
Bxg3 Rfe8 16. h3 Bd7 17. a3 Bxc3 18. bxc3 c5 19. Rfe1 c4 20. Bf1 Bf5 21. Be5 Bxc2 22. f3 Nd7 23. Bd4 Nb6 24. g3 Bb3 25. Bg2 f6 26. f4 Rxe1+ 27. Rxe1 Kf7 28. Bxb6 axb6 29.
Bxd5+ Kf8 30. Bxa8 1-0

[Event "Live Chess"]
[Site "Chess.com"]
[Date "2023.05.20"]
[Round "-"]
[White "daveeeeR"]
[Black "gmnorfolk"]
[Result "1-0"]
[WhiteElo "1295"]
[BlackElo "2133"]
[TimeControl "300"]
[EndTime "10:31:14 PDT"]
[Termination "daveeeeR won by resignation"]

1. d4 Nf6 2. Bf4 c5 3. dxc5 Na6 4. Nf3 Nxc5 5. e3 Qb6 6. b3 g6 7. Bd3 Bg7 8. O-O d6 9. Nbd2 e5 10. Bg3 e4 11. Nc4 exd3 12. Nxb6 axb6 13. Nd4 dxc2 14. Qxc2 Nce4 15. a4 O-O 16. Rac1 Bd7 17. Qc7 Nxg3 18. hxg3 Rfd8 19. Qxb6 Nd5 20. Qxb7 Nf6 21. Qf3 Bg4 22. Qc6 Bd7 23. Qxd6 Ne4 24. Qa3 Be8 25. Rfd1 Bf8 26. Qb2 Bg7 27. Qb1 f6 28. Qxe4 1-0

[Event "Live Chess"]
[Site "Chess.com"]
[Date "2023.05.20"]
[Round "-"]
[White "worldchessleaguelive"]
[Black "Conradical12"]
[Result "0-1"]
[WhiteElo "1413"]
[BlackElo "1537"]
[TimeControl "300"]
[EndTime "10:31:15 PDT"]
[Termination "Conradical12 won by checkmate"]

1. d4 d5 2. Bf4 Nc6 3. Nf3 Bg4 4. e3 f6 5. Be2 e5 6. dxe5 fxe5 7. Bg5 Be7 8. Bxe7 Ngxe7 9. h3 Bxf3 10. gxf3 O-O 11.
Nc3 d4 12. Ne4 dxe3 13. fxe3 Nd5 14. Bc4 Ne7 15. Nc3 c6 16. e4 Kh8 17. exd5 cxd5 18. Nxd5 Qa5+ 19. Qd2 Qd8 20. Nxe7 Qe8 21. Nd5 Rd8 22.
O-O-O e4 23. fxe4 Qxe4 24. Bb3 Rc8 25. Rhe1 Qh4 26. Ne7 Rc5 27. Qd4 Qg5+ 28. Kb1 a5 29. Nd5 Rcc8 30. Rg1 Qh6 31. Qd2 Qh5 32. Nf4 Qh4 33.
Ne6 Rfe8 34. Nxg7 Red8 35. Qg5 Rxd1+ 36. Rxd1 Qxg5 37. Ne6 Qe5 38. a3 Qe4 39. Ka2 a4 40.
Bd5 Qxc2 41. Rf1 b5 42. Bb7 Re8 43. Bd5 b4 44. axb4 a3 45. Kxa3 Qd3+ 46. Bb3 Qxf1 47. Ka4 Qa6# 0-1

[Event "Live Chess"]
[Site "Chess.com"]
[Date "2023.05.20"]
[Round "-"]
[White "SavagePawn7"]
[Black "xx_blindpuffin_xx"]
[Result "0-1"]
[WhiteElo "753"]
[BlackElo "2188"]
[TimeControl "300"]
[EndTime "10:31:24 PDT"]
[Termination "xx_blindpuffin_xx won by resignation"]

1. e4 e6 2. Bc4 d5 3. Nf3 dxc4 4. d3 cxd3 5. cxd3 Nc6 6. Qa4 Qxd3 7. Bg5 Bb4+ 8.
Nbd2 Bd7 9. Qxa7 Rxa7 10. Ne5 Qxe4+ 0-1

[Event "Live Chess"]
[Site "Chess.com"]
[Date "2023.05.20"]
[Round "-"]
[White "ramses-IIG"]
[Black "DenDenTie"]
[Result "1-0"]
[WhiteElo "773"]
[BlackElo "877"]
[TimeControl "300"]
[EndTime "10:31:28 PDT"]
[Termination "ramses-IIG won by checkmate"]

1. e4 e5 2. Nf3 Nc6 3. Bc4 Nf6 4. d3 d5 5. exd5 Nxd5 6. Ng5 Bf5 7. Qf3 Be6 8. Nxe6 fxe6 9. Bb5 Qd7 10. O-O a6 11. Ba4 O-O-O 12. Qe4 Bc5 13. Bxc6 Qxc6 14. Qxe5 Rhg8 15. Bg5 Rdf8 16. c4 Nf6 17. Nd2 Ne8 18.
Nb3 Bb6 19. d4 Nd6 20. Be7 Re8 21. Bxd6 Qxd6 22. Qe4 e5 23. c5 exd4 24. Qxe8+ Rxe8 25. cxd6 cxd6 26. Rad1 Re2 27. Nxd4 Bxd4 28. Rxd4 Rd2 29. Rxd2 b5 30. Rxd6 a5 31. Re1 Kb7 32. Re7+ Kb8 33. Rd8# 1-0

[Event "Live Chess"]
[Site "Chess.com"]
[Date "2023.05.20"]
[Round "-"]
[White "Greenbecker"]
[Black "KuriyamaMiraiUA"]
[Result "1-0"]
[WhiteElo "1647"]
[BlackElo "655"]
[TimeControl "300"]
[EndTime "10:31:32 PDT"]
[Termination "Greenbecker won by checkmate"]

1. e4 c6 2. d4 d5 3. exd5 Qxd5 4.
Nf3 Bf5 5. Nc3 Qd7 6. Bd3 Bxd3 7. Qxd3 Nf6 8. Ne5 Qe6 9. Ne4 Nbd7 10. Ng5 Qd5 11.
Ngf3 Nxe5 12. dxe5 Nd7 13. Qxd5 cxd5 14. O-O e6 15. Bg5 Bc5 16. c3 O-O 17. Rfe1 Rac8 18. Rad1 Rc6 19. Nd4 Bxd4 20. Rxd4 Rc4 21. Rxc4 dxc4 22.
f4 Nc5 23. Be7 Rc8 24. Bxc5 Rxc5 25. Rd1 Rd5 26. Rxd5 exd5 27. Kf2 Kf8 28. Ke3 Ke7 29. Kd4 Ke6 30. g4 f6 31. f5+ Kf7 32. e6+ Ke7 33.
Kxd5 g6 34. Kxc4 gxf5 35. gxf5 Kd6 36. b4 a6 37. a4 b6 38. b5 a5 39. Kd4 Ke7 40.
Kd5 h6 41. Kc6 h5 42. Kxb6 Kd6 43. Kxa5 Ke5 44. e7 Kxf5 45. e8=Q Kg5 46. b6 f5 47. b7 Kg4 48. b8=Q h4 49. Qg8+ Kh3 50. Qb1 Kxh2 51. Qbg1+ Kh3 52. Q8g2# 1-0

[Event "Live Chess"]
[Site "Chess.com"]
[Date "2023.05.20"]
[Round "-"]
[White "Supertromp"]
[Black "birdseed45"]
[Result "1-0"]
[WhiteElo "2173"]
[BlackElo "1837"]
[TimeControl "300"]
[EndTime "10:31:40 PDT"]
[Termination "Supertromp won on time"]

1. e4 c5 2. Nf3 Nc6 3. Bb5 d6 4. Bxc6+ bxc6 5. O-O e5 6. c3 f5 7. exf5 Bxf5 8. d4 cxd4 9. cxd4 e4 10. Qc2 Qd7 11. Nh4 Ne7 12. Bg5 Rc8 13. Nc3 d5 14. Bxe7 Bxe7 15. Nxf5 Qxf5 16. f3 Qf6 17. Rad1 exf3 18.
Nxd5 Qf7 19. Nxe7 Kxe7 20. Qc5+ Kd8 21. Rxf3 Qd5 22. Qxa7 Rc7 23. Qb8+ Rc8 24. Qg3 g6 25. Re1 Re8 26. Qh4+ Kc7 27. Rfe3 Rf8 28. Re7+ Kb6 29. R7e5 Qc4 30. b3 Qd3 31. R5e3 Qb5 32. a4 Qb4 33. Qxh7 Rf6 34. Qh4 Rcf8 35. Qe4 Qd2 36. h3 Qf2+ 37. Kh2 Qb2 38. d5 Rf2 39. dxc6 Rxg2+ 40. Qxg2 Rf2 41.
R1e2 Rxg2+ 42. Kxg2 Qc1 43. Re6 Qg5+ 44. Kf1 Qf4+ 45.
Kg2 Qg5+ 46. Kh2 Qc5 47. b4 Qd4 48. c7+ Kb7 49. b5 Qf4+ 50. Kg2 Qg5+ 51. Kf1 Qf5+ 52. Ke1 Qb1+ 53. Kf2 Qf5+ 54. Ke1 Qb1+ 55. Kf2 Qb4 56.
Kg2 Qf4 57. c8=Q+ Kxc8 58. Re8+ 1-0

[Event "Live Chess"]
[Site "Chess.com"]
[Date "2023.05.20"]
[Round "-"]
[White "Delacorta"]
[Black "Hacker_2009"]
[Result "0-1"]
[WhiteElo "1390"]
[BlackElo "1909"]
[TimeControl "300"]
[EndTime "10:31:40 PDT"]
[Termination "Hacker_2009 won by resignation"]

1. d4 Nf6 2. Nf3 e6 3. e3 d5 4. Bd3 c5 5. b3 Nc6 6. Bb2 Be7 7. Nbd2 O-O 8. a3 b6 9. O-O Bb7 10. Ne5 Rc8 11. f4 cxd4 12. exd4 Nxe5 13. fxe5 Ne4 14. Qg4 Nxd2 15. Qh3 g6 0-1

[Event "Live Chess"]
[Site "Chess.com"]
[Date "2023.05.20"]
[Round "-"]
[White "smoggyrabbit"]
[Black "LanceMaster23"]
[Result "0-1"]
[WhiteElo "1616"]
[BlackElo "1848"]
[TimeControl "300"]
[EndTime "10:31:42 PDT"]
[Termination "LanceMaster23 won on time"]

1. d4 Nf6 2. Nf3 d5 3. e3 Bf5 4.
Nh4 Bg6 5. Nxg6 hxg6 6. g3 c6 7. Bg2 Nbd7 8. Nd2 Qb6 9. c4 e6 10. b3 Bb4 11. O-O a5 12. Bb2 a4 13. c5 Qa5 14. Nb1 a3 15. Bc1 Rh5 16. Nd2 O-O-O 17. Qc2 Rdh8 18. h3 g5 19. g4 R5h6 20. Nf3 Ne4 21. Nh2 f5 22. Qe2 Ndf6 23. Qd3 fxg4 24. Nxg4 Rh4 25. Nxf6 gxf6 26. Qe2 Qc7 27. Qd3 g4 28. f4 gxf3 29. Rxf3 Qg7 30. Qe2 Rxh3 31. Rxh3 Rxh3 0-1

[Event "Live Chess"]
[Site "Chess.com"]
[Date "2023.05.20"]
[Round "-"]
[White "GEMdzq"]
[Black "TheSmoulderingMaster"]
[Result "1-0"]
[WhiteElo "2285"]
[BlackElo "1789"]
[TimeControl "300"]
[EndTime "10:31:43 PDT"]
[Termination "GEMdzq won by resignation"]

1. e4 c5 2. d4 cxd4 3. c3 dxc3 4. Nxc3 Nc6 5. Bc4 d6 6. Nf3 e6 7. O-O Nf6 8. Qe2 Be7 9. Rd1 O-O 10. Bf4 e5 11.
Bg5 Bg4 12. Nb5 a6 13. Bxf6 Bxf6 14. Nxd6 Nd4 15. Rxd4 Bxf3 16. Qxf3 exd4 17. e5 b5 18. Bb3 Ra7 19. Nxf7 Qa8 20. Nd6+ Kh8 21. Qxa8 Rfxa8 22. exf6 gxf6 23. Rd1 Rd7 24. Rxd4 Kg7 25. Nf5+ 1-0

[Event "Live Chess"]
[Site "Chess.com"]
[Date "2023.05.20"]
[Round "-"]
[White "18Ziyad"]
[Black "jagbama"]
[Result "0-1"]
[WhiteElo "986"]
[BlackElo "1145"]
[TimeControl "300"]
[EndTime "10:31:48 PDT"]
[Termination "jagbama won by checkmate"]

1. e4 e5 2. Nc3 Nc6 3. Bc4 Bc5 4.
Qg4 Qf6 5. Nd5 Qxf2+ 6. Kd1 Nf6 7. Qxg7 Nxd5 8. Qxh8+ Bf8 9. exd5 Qxg2 10. dxc6 Qxh1 11. Qxe5+ Be7 12. cxd7+ Bxd7 13. Qg3 O-O-O 14. d3 Bc5 15. Be3 Bxe3 16. Qxe3 Bg4+ 17. Kd2 Qxh2+ 18. Kc3 h5 19. Bxf7 h4 20. Be6+ Bxe6 21. Qxe6+ Kb8 22. Qf6 Kc8 23. Nf3 Qg3 24. Nxh4 b6 25. Qf5+ Kb7 26. Nf3 Qd6 27.
Qe4+ c6 28. Rg1 Qf6+ 29. Kd2 Qxb2 30. Rg7+ Kb8 31. Qxc6 Qxg7 32. Qe4 Qg2+ 33. Kc3 Rc8+ 34. Kb3 Qxc2+ 35. Kb4 Qc3+ 36. Kb5 Rc5+ 37. Ka4 Ra5# 0-1

[Event "Live Chess"]
[Site "Chess.com"]
[Date "2023.05.20"]
[Round "-"]
[White "MaximKhimchenko"]
[Black "JoshMcK"]
[Result "0-1"]
[WhiteElo "1346"]
[BlackElo "1532"]
[TimeControl "300"]
[EndTime "10:31:53 PDT"]
[Termination "JoshMcK won by resignation"]

1. e4 c6 2. Nf3 d5 3. exd5 cxd5 4.
d4 Nf6 5. c4 e6 6. cxd5 Nxd5 7.
Nc3 Nc6 8. Bc4 Be7 9. Bd2 O-O 10. O-O a6 11. Nxd5 exd5 12. Bd3 Bf6 13. Bc3 b5 14. b4 Bg4 15. h3 Bxf3 16. Qxf3 Nxd4 17. Bxd4 Bxd4 18. Rad1 Qf6 19. Qh5 g6 20. Qe2 Rfe8 21. Qc2 Rac8 22. Qb3 Rcd8 23. Kh2 Bxf2 24. Qc2 Qe5+ 25.
Kh1 Bb6 26. Rf3 Bc7 27. g3 Bb8 28. Kg2 Rc8 29. Qf2 Qc7 30. Bb1 Rcd8 31. a3 Ba7 32. Ba2 Bxf2 0-1

[Event "Live Chess"]
[Site "Chess.com"]
[Date "2023.05.20"]
[Round "-"]
[White "therealab0ne"]
[Black "kevinmilleruk"]
[Result "1-0"]
[WhiteElo "701"]
[BlackElo "1101"]
[TimeControl "300"]
[EndTime "10:32:00 PDT"]
[Termination "therealab0ne won by checkmate"]

1. e4 e5 2. Bc4 Nf6 3. d3 Bc5 4. Nc3 d6 5. f4 Ng4 6. f5 Nf2 7. Qh5 O-O 8. Bg5 Qd7 9. Nd5 Nxh1 10. f6 Bf2+ 11. Kd2 g6 12. Qh6 Qg4 13. Qg7# 1-0

[Event "Live Chess"]
[Site "Chess.com"]
[Date "2023.05.20"]
[Round "-"]
[White "ProfPoisson"]
[Black "Tilbs_12"]
[Result "0-1"]
[WhiteElo "1049"]
[BlackElo "1594"]
[TimeControl "300"]
[EndTime "10:32:02 PDT"]
[Termination "Tilbs_12 won by checkmate"]

1. e4 c6 2. d4 d5 3. exd5 cxd5 4. c4 Nf6 5. Nc3 Nc6 6. Bg5 e6 7. a3 Be7 8. c5 O-O 9. b4 a6 10. Nf3 Ne4 11. Nxe4 dxe4 12. Bxe7 Nxe7 13. Ng5 Qd5 14.
h4 Nf5 15. Rc1 Qxd4 16. Qxd4 Nxd4 17. Nxe4 Bd7 18. Nd6 Bc6 19. Rh2 Nf5 20. Nxf5 exf5 21. Bd3 g6 22. h5 Rad8 23. hxg6 fxg6 24. Bc4+ Kg7 25. f3 Rfe8+ 26. Kf2 Rd2+ 27. Kg3 h6 28. Rch1 h5 29. Kf4 Kf6 30. Bb3 g5+ 31. Kg3 h4+ 32. Kh3 Re3 33. Rd1 Rxd1 34. Bxd1 Rxa3 35. g4 Bxf3 36. Bxf3 Rxf3+ 37. Kg2 fxg4 38. Kg1 Rb3 39. Rf2+ Ke5 40. Re2+ Kf4 41. Kf2 Rxb4 42. Rc2 g3+ 43. Kg2 g4 44. c6 bxc6 45. Rxc6 Rb2+ 46. Kf1 g2+ 47. Kg1 Kg3 48. Rc2 Rb1+ 49. Rc1 Rxc1# 0-1

[Event "Live Chess"]
[Site "Chess.com"]
[Date "2023.05.20"]
[Round "-"]
[White "PaulyD81"]
[Black "BJAW87"]
[Result "1-0"]
[WhiteElo "1158"]
[BlackElo "1444"]
[TimeControl "300"]
[EndTime "10:32:04 PDT"]
[Termination "PaulyD81 won by resignation"]

1. d4 Nf6 2. c4 g6 3. Nc3 Bg7 4.
e4 O-O 5. Nf3 d6 6. Be2 Nbd7 7.
Bg5 c5 8. d5 Nh5 9. O-O e5 10.
Bxd8 Rxd8 11. Ng5 1-0

[Event "Live Chess"]
[Site "Chess.com"]
[Date "2023.05.20"]
[Round "-"]
[White "boilerboy1"]
[Black "siddu198"]
[Result "0-1"]
[WhiteElo "1085"]
[BlackElo "1641"]
[TimeControl "300"]
[EndTime "10:32:05 PDT"]
[Termination "siddu198 won by checkmate"]

1. e4 e5 2. Nf3 Nc6 3. Nc3 Bc5 4. Be2 d6 5. O-O Nf6 6. d3 O-O 7. Bg5 h6 8. Bh4 Be6 9. Re1 Ne7 10. Bf1 Ng6 11.
Bg3 Nh5 12. Nd5 Bxd5 13. exd5 Nxg3 14. hxg3 Qf6 15. c3 c6 16. dxc6 bxc6 17. Qa4 d5 18. d4 exd4 19. cxd4 Bb6 20. Rac1 Rac8 21. Ne5 Nxe5 22. Rxe5 c5 23. Rxd5 cxd4 24. Rxc8 Rxc8 25. Qd1 d3 26. Bxd3 Qxf2+ 27. Kh2 g6 28. b3 Be3 29.
Be4 Rc1 30. Rd8+ Kg7 31. Qf3 Rh1+ 32. Kxh1 Qg1# 0-1

[Event "Live Chess"]
[Site "Chess.com"]
[Date "2023.05.20"]
[Round "-"]
[White "BogdanBeleiUkraine"]
[Black "MMmaaxxxx"]
[Result "0-1"]
[WhiteElo "1240"]
[BlackElo "2022"]
[TimeControl "300"]
[EndTime "10:32:06 PDT"]
[Termination "MMmaaxxxx won on time"]

1. e4 c6 2. Nc3 d5 3. exd5 cxd5 4.
Bb5+ Nc6 5. d3 Nf6 6. Nge2 Bg4 7. h3 Bh5 8. O-O e6 9. Qe1 a6 10. Ba4 b5 11. Bb3 Bd6 12. Ng3 Bg6 13. f4 Qb6+ 14.
Kh1 h5 15. f5 h4 16. fxg6 hxg3 17. gxf7+ Kxf7 18. Bg5 Rh5 19. Bf4 Bxf4 20. Rxf4 Rg5 21. Ne2 Qe3 22. Rf3 Qe5 23. Nxg3 Rh8 24. Qxe5 Nxe5 25.
Re3 Neg4 26. Rf3 Ne5 27. Re3 d4 28. Re2 Nf3 29. Bxe6+ Kf8 30. Rf1 Rxg3 31. Rxf3 Rg5 32. Bb3 a5 33. a4 bxa4 34. Bxa4 Kf7 35. Rf4 Kg6 36. Rxd4 Rc8 37. c3 Rgc5 38. Rd6 Rb8 39. d4 Rc4 40. Bc6 a4 41. Bf3 a3 42. bxa3 Rxc3 43. Ra2 Rb5 44. a4 Ra5 45. d5 Rc1+ 46.
Kh2 Rc4 47. Rc6 Raxa4 48. Rxa4 Rxa4 49. d6 Rd4 50. h4 Rxh4+ 51. Kg3 Rd4 52. Kf2 Kf5 53.
Ke3 Rb4 54. Rc5+ Ke6 55. Rc6 Rb3+ 56. Kf2 Rb2+ 57. Kg3 Rb3 58. Ra6 Kd7 59. Kf2 Rd3 60. Bc6+ Kxd6 61. Be4+ Ke5 62. Bxd3 Kf4 63. Be2 Kg5 64.
Ra5+ Kh6 65. Bd3 g5 66. g3 Kg7 67. g4 Nh7 68. Bf5 Nf6 69. Kg3 Kf7 70. Kf3 Ke7 71.
Ke3 Kd6 72. Kd3 Ke7 73. Kc4 Kf7 74. Kd4 Kg7 75. Kc5 Kf7 76. Kc6 Ke7 77. Kb6 Ne8 0-1

[Event "Live Chess"]
[Site "Chess.com"]
[Date "2023.05.20"]
[Round "-"]
[White "Bot_Boy"]
[Black "Brooms1989"]
[Result "0-1"]
[WhiteElo "325"]
[BlackElo "986"]
[TimeControl "300"]
[EndTime "10:32:13 PDT"]
[Termination "Brooms1989 won on time"]

1. Nf3 d5 2. e3 Nf6 3. d4 Bg4 4. Bb5+ c6 5. Bd3 e6 6. O-O Bd6 7. Be2 O-O 8. Ne5 Bxe2 9. Qxe2 Nbd7 10. f4 Ne4 11. f5 Bxe5 12. dxe5 Nxe5 13. Nc3 Qd7 14. Bd2 Nxd2 15. Qxd2 exf5 16. Rf4 Ng6 17. Rf3 Rfe8 18. Re1 Re7 19. Na4 b6 20. b3 Rae8 21.
c4 f4 22. c5 fxe3 23. Rfxe3 Rxe3 24. Rxe3 Rxe3 25. Qxe3 b5 26. Nc3 Qe6 27. Qxe6 fxe6 28. Ne2 Ne5 29. Nf4 Kf7 30. a4 g5 31. Ne2 Nd3 32.
g3 Nxc5 33. axb5 cxb5 34. h4 gxh4 35. gxh4 Nxb3 36. Nf4 a5 0-1

[Event "Live Chess"]
[Site "Chess.com"]
[Date "2023.05.20"]
[Round "-"]
[White "BostonStrangler"]
[Black "GMHarry-youtube"]
[Result "1-0"]
[WhiteElo "2086"]
[BlackElo "2154"]
[TimeControl "300"]
[EndTime "10:32:13 PDT"]
[Termination "BostonStrangler won by checkmate"]

1. Nf3 e5 2. Nxe5 Nc6 3. Nf3 d5 4. g3 Nf6 5. Bg2 Bd6 6. b3 O-O 7. Bb2 Be6 8. O-O Be7 9. d3 Nd7 10.
Nbd2 Bf6 11. Qc1 Bxb2 12. Qxb2 Qf6 13. Qxf6 Nxf6 14. c4 dxc4 15. Nxc4 Bxc4 16. bxc4 b6 17. Nd2 Nd4 18. Bxa8 Nxe2+ 19. Kg2 Rxa8 20. Rfe1 Nd4 21. Re7 c5 22. Ne4 Nxe4 23. Rxe4 f5 24. Re7 a6 25.
Rae1 b5 26. Re8+ Rxe8 27. Rxe8+ Kf7 28. Ra8 b4 29. Ra7+ Kf8 30. Rxa6 Ne2 31. Rc6 Nc3 32. Rxc5 Nxa2 33. Rxf5+ Ke7 34. Rb5 Kd6 35. d4 Kc6 36. d5+ Kd6 37. f4 h6 38. g4 g6 39. h4 Kd7 40. f5 gxf5 41. gxf5 Ke7 42. Rb6 Kf7 43.
Kf3 Kg7 44. Kg4 Kh7 45. Rb7+ Kg8 46. Kh5 b3 47. Rxb3 Nc1 48. Rb7 Nd3 49. Kg6 Ne5+ 50. Kxh6 Nf7+ 51. Rxf7 Kxf7 52. c5 Kf6 53. c6 Kf7 54. c7 Ke7 55. f6+ Kd7 56. f7 Ke7 57. f8=Q+ Kxf8 58. c8=Q+ Kf7 59. Qe6+ Kf8 60. Qd7 Kg8 61.
Qg7# 1-0

[Event "Live Chess"]
[Site "Chess.com"]
[Date "2023.05.20"]
[Round "-"]
[White "tpm07"]
[Black "Fazer180"]
[Result "0-1"]
[WhiteElo "1987"]
[BlackElo "1712"]
[TimeControl "300"]
[EndTime "10:32:15 PDT"]
[Termination "Fazer180 won by resignation"]

1. d4 e6 2. g3 d5 3. c4 Nf6 4. Nf3 c5 5. cxd5 Nxd5 6. Bg2 Nc6 7. O-O cxd4 8. Nxd4 Bc5 9. Nxc6 bxc6 10. b3 O-O 11.
Bb2 f6 12. Nd2 Ba6 13. Re1 e5 14. Rc1 Qb6 15. Nc4 Bxc4 16. Rxc4 Bxf2+ 17. Kh1 Bxe1 18. Qxe1 Ne3 19. Rxc6 Nxg2 20. Rxb6 Nxe1 21. Rc6 Rac8 0-1

[Event "Live Chess"]
[Site "Chess.com"]
[Date "2023.05.20"]
[Round "-"]
[White "CheckString"]
[Black "defenderalist"]
[Result "0-1"]
[WhiteElo "1226"]
[BlackElo "1583"]
[TimeControl "300"]
[EndTime "10:32:26 PDT"]
[Termination "defenderalist won by resignation"]

1. e4 e6 2. d4 b6 3. c4 Bb7 4. Nc3 Nf6 5. Bd3 Bb4 6. Ne2 O-O 7. O-O d5 8. cxd5 exd5 9. e5 Ne4 10. Nxe4 dxe4 11.
Bc2 c5 12. Be3 cxd4 13. Bxd4 Nc6 14. a3 Nxd4 15. Nxd4 Bc5 16. Ne2 Qg5 17. g3 e3 18.
f4 Qh5 19. b4 Qh3 0-1

[Event "Live Chess"]
[Site "Chess.com"]
[Date "2023.05.20"]
[Round "-"]
[White "WilliamofOrange16th"]
[Black "YF22Raptor"]
[Result "0-1"]
[WhiteElo "1881"]
[BlackElo "1009"]
[TimeControl "300"]
[EndTime "10:32:33 PDT"]
[Termination "YF22Raptor won by checkmate"]

1. e4 c6 2. d4 d5 3. exd5 cxd5 4.
c4 Nc6 5. Nf3 Nf6 6. Nc3 Bg4 7.
cxd5 Bxf3 8. Qxf3 Nxd4 9. Qd3 Qb6 10. b3 Rd8 11. Be3 Nxd5 12. Nxd5 Rxd5 13. Qc4 e6 14. Qc8+ Rd8 15. Qc4 Bb4+ 16. Bd2 Nf3+ 17. gxf3 Bxd2+ 18. Ke2 O-O 19. Bh3 Bh6 20. Rad1 Rxd1 21. Rxd1 Rd8 22. Rxd8+ Qxd8 23. f4 g6 24. Bg2 Qa5 25. a4 Qf5 26. Bxb7 Bxf4 27. Be4 Qg4+ 28. Bf3 Qh4 29. Qc8+ Kg7 30. Qc3+ Kg8 31. Qc8+ Kg7 32. Qc3+ Qf6 33. Qxf6+ Kxf6 34. h3 h5 35. Kd3 Bc7 36. Kc4 Bb6 37.
b4 Bxf2 38. a5 g5 39. b5 Kf5 40. Kd3 g4 41. hxg4+ hxg4 42. Bg2 g3 43. Ke2 Kg4 44.
Bf1 f5 45. Bg2 f4 46. Bf3+ Kf5 47. Kd3 e5 48. Bg2 Kg4 49. Ke4 Bd4 50. a6 Kg5 51.
Kf3 Kh4 52. Ke4 Kg4 53. Bh1 Kh3 54. Kf3 e4+ 55. Kxe4 g2 56. Bxg2+ Kxg2 57. Kxf4 Bb6 58.
Ke4 Kg3 59. Kd5 Kf4 60. Kc6 Ke5 61. Kb7 Kd5 62. Kc8 Kc5 63. Kb7 Kxb5 64. Kc8 Kxa6 65. Kd7 Kb5 66. Kd6 Kb4 67. Kd5 a5 68. Ke4 a4 69.
Kd3 a3 70. Kc2 Bd4 71. Kb1 Kb3 72. Kc1 a2 73. Kd2 a1=Q 74. Kd3 Qc3+ 75. Ke4 Kc4 76. Kf5 Be3 77. Ke6 Bc1 78. Kd6 Bb2 79. Ke6 Qd4 80. Kf5 Kd5 81. Kg6 Qe4+ 82. Kf7 Kd6 83. Kf8 Qe7+ 84.
Kg8 Qg7# 0-1

[Event "Live Chess"]
[Site "Chess.com"]
[Date "2023.05.20"]
[Round "-"]
[White "Wlzard-1"]
[Black "alexlines8"]
[Result "1-0"]
[WhiteElo "986"]
[BlackElo "1248"]
[TimeControl "300"]
[EndTime "10:32:38 PDT"]
[Termination "Wlzard-1 won by resignation"]

1. Nf3 c6 2. d4 d5 3. Nc3 Nf6 4. g3 Bg4 5. Bg2 e6 6. O-O Bb4 7. Qd3 Bxc3 8. Qxc3 Ne4 9. Qd3 O-O 10. Ne5 Bf5 11. Bxe4 Bxe4 12. Qc3 f6 13. Ng4 Qd6 14. Bf4 Qe7 15. f3 Bf5 16. Ne3 Nd7 17. Nxf5 exf5 18. Qd3 Nb6 19. b3 Rac8 20. c3 Rfe8 21. Rfe1 c5 22.
e3 cxd4 23. exd4 Qd7 24. Kf2 Kf7 25. Bd2 Qd6 26. Qb5 Rxe1 27. Rxe1 f4 28. Bxf4 Qc6 29. Qd3 Qxc3 30. Qe2 Qxd4+ 31. Kg2 Qc5 32. Qe6+ Kf8 33. Bd6+ Qxd6 34. Qxd6+ 1-0

[Event "Live Chess"]
[Site "Chess.com"]
[Date "2023.05.20"]
[Round "-"]
[White "PiotrD11"]
[Black "matt1979"]
[Result "1-0"]
[WhiteElo "1331"]
[BlackElo "1460"]
[TimeControl "300"]
[EndTime "10:32:52 PDT"]
[Termination "PiotrD11 won by resignation"]

1. e4 g6 2. d4 Bg7 3. Nf3 d6 4. h3 b6 5. c3 Bb7 6. Bd3 e6 7. O-O Nd7 8. Be3 c5 9. Qd2 h6 10. Re1 Ne7 11. a4 a6 12. Na3 O-O 13.
Bxh6 Rc8 14. Nc4 d5 15. Nd6 Rc7 16. Nxb7 Rxb7 17. Bxg7 Kxg7 18. exd5 Nxd5 19. Ne5 Nxe5 20. Rxe5 Qd6 21. Bxa6 Rc7 22. Bd3 f6 23. Re4 f5 24.
Rh4 Kf6 25. Rh6 Rff7 26. h4 Rh7 27. Qg5+ Kg7 28. Qxg6+ 1-0